 Dungeon Crawl Stone Soup version 0.26.1-10-gdfb7c7de75 (webtiles) character file.

Game seed: 10092419877540053984

39 phalm the Skirmisher (level 3, -4/26 HPs)
             Began as an Octopode Abyssal Knight on Apr 2, 2021.
             Was a Follower of Lugonu.
             Slain by Robin
             ... wielding a +5 club
              (7 damage)
             ... on level 2 of the Dungeon.
             The game lasted 00:02:07 (1929 turns).

phalm the Skirmisher (Octopode Abyssal Knight)      Turns: 1929, Time: 00:02:08

Health: -4/26      AC:  1    Str: 11    XL:     3   Next: 47%
Magic:  4/4        EV: 14    Int: 14    God:    Lugonu [*.....]
Gold:   52         SH:  0    Dex: 12    Spells: 3/3 levels left

rFire    . . .     SeeInvis .     - Unarmed
rCold    . . .     Faith    .   (no shield)
rNeg     . . .     Spirit   .   (helmet restricted)
rPois    .         Reflect  .   (no amulet)
rElec    .         Harm     .   (no ring)
rCorr    .         Rampage  .   (no ring)
Will     .....                  (no ring)
Stlth    +++.......             (no ring)
HPRegen  0.08/turn              (no ring)
MPRegen  0.09/turn              (no ring)
                                (no ring)
                                (no ring)

@: no status effects
A: almost no armour, stealthy swim, amphibious, 8 rings, constrict 8, camouflage
1, gelatinous body 1
a: Renounce Religion, Depart the Abyss


You were on level 2 of the Dungeon.
You worshipped Lugonu.
Lugonu was aware of your devotion.
You visited 1 branch of the dungeon, and saw 2 of its levels.
You visited the Abyss 1 time.

You collected 52 gold pieces.

Inventory:

Hand Weapons
 b - a +0 hunting sling
Scrolls
 a - 2 scrolls of teleportation {unknown}
 d - 2 scrolls of remove curse {unknown}
 e - a scroll of blinking {unknown}
Potions
 c - a potion of invisibility {unknown}


   Skills:
 + Level 3.5 Fighting
 + Level 2.7 Dodging
 * Level 1.2 Stealth
 + Level 2.3 Unarmed Combat
 * Level 0.8 Spellcasting
 + Level 2.1 Invocations


You had 3 spell levels left.
You didn't know any spells.
Your spell library was empty.

Dungeon Overview and Level Annotations

Branches:
Dungeon (2/15)

Altars:

Annotations:
D:2 Robin


Innate Abilities, Weirdness & Mutations

You cannot wear most types of armour.
You are very stealthy in the water. (Stealth+)
You are amphibious.
You can wear up to eight rings at the same time.
You can use your tentacles to constrict eight enemies at once.
Your skin changes colour to match your surroundings (Stealth+).
Your rubbery body absorbs attacks. (AC +1, EV +1)


Message History

You constrict the hobgoblin, but do no damage.
Robin says, "A pitiful Octopus like you will never find the ORB!"
The hobgoblin struggles to escape constriction.
You tentacle-slap the hobgoblin.
You kill the hobgoblin!
Lugonu accepts your kill.
Unknown command.
Non-targeted abil: Depart the Abyss
Press: ? - help, Q - select action Dir - look around, f - activate You aren't in the Abyss!
Robin drinks a potion.
Robin is healed! 2 jackals come into view.
The jackal barks!
You hear a bark!
The jackal barks! x2
The jackal barely misses you.
You tentacle-slap the jackal. Your grab misses the jackal.
The jackal is heavily wounded.
The jackal bites you.
* * * LOW HITPOINT WARNING * * *
Robin hits you with a +5 club!
You die...

###.#
#...........#
#.########......#
#.#.†)# #......#
#.#.#.# #......#
#.#.#.# #......#
#.#.#.# ########
#.#.#.#
######.#g#.#
#......#@#.#
#.######h#.# #.#
#h.h.#.#
#.###h####(#
#.#....# #(#
#.#.#h.# #.#
#.#.#..# #.#
#.#.#..# #.#
#.#(#..# #.#


You could see Robin and 2 jackals.

Vanquished Creatures
  An ooze (D:1)
  A dart slug (D:1)
  3 giant cockroaches
  5 hobgoblins
  4 jackals (D:1)
  A ball python (D:1)
  3 bats (D:1)
  A frilled lizard (D:1)
  7 goblins
  A kobold (D:1)
  2 rats (D:1)
29 creatures vanquished.

Notes
Turn   | Place    | Note
-------+----------+-------------------------------------------
     0 | Abyss:1  | phalm the Octopode Abyssal Knight began the quest for the
                  | Orb.
     0 | Abyss:1  | Reached XP level 1. HP: 16/16 MP: 2/2
    85 | Abyss:1  | Noticed a raiju
    90 | D:1      | Escaped the Abyss
   413 | D:1      | Reached XP level 2. HP: 12/21 MP: 3/3
   992 | D:1      | Reached * piety under Lugonu
  1221 | D:1      | Reached XP level 3. HP: 20/26 MP: 4/4
  1813 | D:2      | Noticed Robin
  1858 | D:2      | Reached skill level 1 in Stealth
  1929 | D:2      | Slain by Robin

Illustrated notes

Levels and vault maps discovered:
D:1:      nagdon_arrival_double_spiral, layout_basic, minmay_misc_feat_iff
D:2:      layout_basic, minmay_misc_feat_square, uniq_robin,
          uniq_crazy_yiuf_cottage

Skill      XL: |  1  2  3 |
---------------+----------+-----
Stealth        | 1 |  1.2
Fighting       | |  3.5
Dodging        | |  2.7
Unarmed Combat | |  2.3
Spellcasting   | |  0.8
Invocations    | |  2.1

Action                   || total
-------------------------++-------
Melee: Unarmed           ||    85
       Constrict         ||    23
       Tentacles         ||    17
       Punch             ||     1
Invok: Depart the Abyss  ||     1
 Stab: Sleeping          ||     3
       Distracted        ||     1
Armor: Skin              ||     9
Dodge: Dodged            ||    53
